Map: NeoHumanity LE

Players

TheDoctor - Winner!

  • Race: Zerg Zerg
  • League: Diamond
  • Spawn Location: 11:00

Stride

  • Race: Protoss Protoss
  • League: Master
  • Spawn Location: 5:00

VOD

Have the link to the VOD?

Description

Injects need work

Time

  • Played on: Jan. 29, 2023, 8:23 p.m.
  • Length: 30:35
Show
View Real Time Build Order
Export as new Build Order

TheDoctor Zerg - Winner!

Build Orders: Hatch First 

Get SALT Encoding   

  12  0:00  Drone  
  13  0:12  Overlord  
  13  0:17  Drone  
  14  0:30  Drone x2  
  16  0:47  Hatchery  
  15  0:52  Drone  
  15  0:54  Drone  
  17  0:57  Drone  
  18  1:08  Extractor  
  17  1:14  Spawning Pool  
  17  1:16  Drone  
  17  1:19  Drone  
  18  1:27  Drone  
  19  1:41  Drone  
  20  1:50  Overlord  
  20  2:00  Queen x2  
  24  2:02  Drone  
  24  2:03  Drone  
  26  2:14  Drone  
  26  2:15  Drone  
  28  2:18  Metabolic Boost  
  28  2:25  Drone x2  
  30  2:37  Hatchery  
  30  2:38  Zergling x2  
  30  2:39  Zergling x2  
  31  2:50  Zergling x4  
  33  2:54  Drone x2  
  35  3:10  Drone  
  35  3:12  Overlord  
  36  3:21  Overlord x2  
  36  3:30  Queen x2  
  40  3:35  Drone x2  
  40  3:36  Drone x2  
  44  3:55  Drone x2  
  44  3:56  Drone x2  
  48  4:05  Roach Warren  
  48  4:08  Drone x3  
  50  4:10  Overlord  
  50  4:11  Overlord  
  50  4:22  Drone x4  
  54  4:35  Lair  
  54  4:36  Queen  
  56  4:40  Overlord x2  
  56  4:46  Queen  
  56  4:48  Drone x8  
  66  4:59  Drone x3  
  73  5:00  Drone x4  
  73  5:04  Extractor x2  
  73  5:05  Overlord x2  
  71  5:07  Zergling x4  
  73  5:16  Extractor  
  71  5:25  Drone x5  
  76  5:33  Glial Reconstitution, Evolution Chamber  
  76  5:35  Roach x7  
  89  5:36  Hatchery  
  88  5:44  Queen x2  
  88  5:47  Spore Crawler  
  88  5:49  Spore Crawler  
  90  6:01  Queen  
  92  6:07  Drone  
  92  6:08  Drone  
  92  6:09  Overlord x2  
  94  6:21  Drone x4  
  94  6:22  Overlord x3  
  98  6:36  Roach  
  98  6:37  Roach x7  
  113  6:40  Overlord x2  
  113  6:43  Evolution Chamber  
  112  6:51  Drone x6  
  117  6:55  Roach x2  
  117  6:56  Roach x2  
  117  6:57  Zerg Missile Weapons Level 1  
  120  7:14  Zergling x2  
  120  7:15  Zergling x14  
  128  7:18  Drone x2  
  128  7:19  Drone  
  131  7:24  Baneling Nest  
  131  7:26  Zerg Melee Weapons Level 1  
  131  7:29  Drone x5  
  135  7:30  Overlord x3  
  135  7:31  Zergling x2  
  135  7:32  Zergling x8  
  135  7:33  Ravager  
  135  7:34  Ravager x8  
  135  7:35  Overlord  
  149  7:49  Zergling x2  
  149  7:50  Zergling x20  
  161  8:05  Zergling x2  
  161  8:06  Zergling x18  
  161  8:09  Centrifugal Hooks  
  170  8:15  Overseer  
  170  8:19  Roach x3  
  190  8:20  Roach x7  
  190  8:26  Overseer  
  188  9:04  Baneling  
  188  9:05  Baneling x21  
  188  9:06  Overlord x2, Baneling x2  
  188  9:08  Zergling x2  
  188  9:09  Zergling x4  
  191  9:15  Extractor, Drone  
  191  9:16  Extractor  
  190  9:18  Extractor x2  
  190  9:24  Burrow  
  188  9:39  Hatchery  
  188  9:44  Zerg Missile Weapons Level 2  
  185  9:46  Zerg Melee Weapons Level 2  
  143  10:08  Zergling x2  
  143  10:09  Zergling x38  
  143  10:10  Zergling x28  
  157  10:27  Roach  
  157  10:28  Roach x6  
  171  10:34  Pneumatized Carapace  
  171  10:38  Infestation Pit  
  171  10:39  Drone x6  
  175  10:51  Baneling x7  
  175  10:52  Baneling x7  
  175  10:53  Drone x2  
  175  10:54  Drone x4  
  176  10:58  Drone x4  
  99  11:40  Zergling x2, Hive  
  99  11:41  Zergling x36  
  118  11:51  Drone x2  
  120  11:59  Hatchery  
  119  12:06  Zerg Ground Armor Level 1  
  119  12:13  Baneling  
  119  12:14  Baneling x8  
  119  12:15  Roach x2  
  123  12:16  Roach x14  
  123  12:17  Zergling x2  
  123  12:18  Zergling x8  
  123  12:22  Spire  
  155  12:26  Hydralisk Den  
  154  12:31  Spore Crawler  
  153  12:52  Extractor  
  153  12:53  Extractor, Drone x4  
  153  12:56  Viper x3  
  164  12:59  Ravager  
  164  13:00  Ravager x6  
  164  13:01  Zergling x14  
  164  13:02  Zergling x26  
  191  13:08  Adrenal Glands, Zerg Melee Weapons Level 3  
  191  13:10  Grooved Spines  
  191  13:42  Spine Crawler  
  191  13:44  Spine Crawler x2  
  191  13:45  Spine Crawler, Drone x5  
  191  13:46  Spine Crawler  
  189  13:49  Spine Crawler  
  185  13:55  Greater Spire  
  185  14:00  Drone x4  
  185  14:02  Drone x4  
  193  14:04  Spine Crawler  
  193  14:06  Spine Crawler  
  193  14:07  Spine Crawler, Drone x10  
  200  14:10  Spine Crawler  
  200  14:11  Spine Crawler  
  200  14:13  Spore Crawler  
  200  14:14  Spine Crawler x2  
  200  14:16  Spine Crawler  
  194  14:18  Spine Crawler  
  194  14:19  Spine Crawler  
  194  14:21  Muscular Augments  
  192  14:25  Spine Crawler  
  192  14:26  Spine Crawler  
  192  14:28  Spore Crawler  
  192  14:30  Spore Crawler  
  187  14:33  Spine Crawler x2  
  187  14:36  Ravager  
  187  14:37  Ravager x8  
  194  14:38  Overlord x2  
  194  14:39  Overlord  
  194  14:41  Overseer x2  
  194  14:45  Baneling  
  194  14:46  Baneling x11  
  194  14:55  Zerg Ground Armor Level 2  
  127  15:31  Mutalisk  
  127  15:32  Mutalisk x16  
  127  15:33  Mutalisk x5  
  152  15:38  Roach x7  
  152  15:39  Roach x2  
  170  15:45  Zerg Missile Weapons Level 3  
  170  15:54  Roach  
  170  15:55  Roach x14  
  200  16:02  Zerg Flyer Weapons Level 1  
  197  16:17  Drone  
  198  16:19  Drone x2  
  200  16:29  Spore Crawler x2  
  200  16:31  Spore Crawler  
  191  16:56  Hatchery  
  182  17:11  Queen x4  
  182  17:14  Zerg Ground Armor Level 3  
  182  17:16  Lurker Den, Hydralisk x6  
  182  17:17  Hydralisk x3  
  123  18:00  Roach  
  123  18:01  Roach x25  
  156  18:19  Corruptor  
  154  18:20  Corruptor x8  
  156  18:40  Spine Crawler x4  
  156  18:41  Spine Crawler  
  151  18:42  Spine Crawler  
  151  18:43  Spine Crawler  
  151  18:46  Spine Crawler  
  151  18:47  Spine Crawler  
  147  18:49  Spine Crawler, Hatchery  
  147  18:54  Zergling x4  
  147  18:55  Zergling x28  
  156  19:31  Drone x2  
  155  19:35  Drone x14  
  157  19:46  Zerg Flyer Weapons Level 2  
  157  20:11  Extractor  
  157  20:12  Spore Crawler  
  157  20:13  Extractor  
  157  20:14  Spine Crawler  
  153  20:17  Spine Crawler x2  
  153  20:18  Spine Crawler x2, Hatchery  
  148  20:21  Corruptor x2  
  148  20:22  Corruptor  
  148  20:24  Hydralisk  
  148  20:25  Hydralisk x15  
  148  20:27  Zergling x2  
  148  20:28  Zergling x2  
  188  20:42  Overseer  
  188  20:43  Overseer  
  142  20:59  Lurker x5  
  145  21:22  Lurker x4  
  145  21:23  Lurker x4  
  145  21:25  Zergling x2  
  146  21:26  Zergling x44  
  168  21:39  Seismic Spines  
  166  22:02  Zerg Flyer Armor Level 1  
  166  22:09  Zergling x2  
  166  22:10  Zergling x34  
  166  22:11  Zergling x8  
  166  22:13  Viper  
  191  22:36  Adaptive Talons  
  140  22:53  Zergling x24  
  140  22:54  Zergling x12, Hydralisk  
  140  22:55  Hydralisk x2  
  160  23:11  Zergling x2  
  160  23:12  Zergling x12  
  164  23:31  Overseer  
  164  23:50  Baneling  
  164  23:51  Baneling x12  
  164  23:52  Baneling x3, Corruptor  
  164  23:53  Corruptor x6  
  178  23:57  Zerg Flyer Weapons Level 3  
  160  24:38  Drone x5  
  160  24:39  Drone x3  
  160  24:47  Zergling x16  
  160  24:48  Zergling x10  
  160  24:50  Hatchery  
  160  25:01  Zergling x24  
  160  25:33  Spine Crawler  
  160  25:34  Spine Crawler  
  160  25:35  Spine Crawler x2  
  160  25:36  Spine Crawler  
  160  25:37  Spine Crawler  
  160  25:43  Spore Crawler  
  160  25:47  Spore Crawler  
  160  25:49  Drone x11  
  160  25:52  Spine Crawler, Drone x6  
  160  25:53  Spore Crawler  
  160  26:07  Zergling x16  
  160  26:18  Extractor  
  160  26:20  Extractor  
  160  26:50  Hatchery  
  160  26:56  Baneling  
  160  26:57  Baneling  
  160  26:58  Baneling x20  
  160  26:59  Viper  
  160  27:02  Zerg Flyer Armor Level 2  
  160  28:59  Extractor  
  160  29:00  Extractor  
  160  30:27  Lurker  
  160  30:28  Lurker  
Show
View Real Time Build Order
Export as new Build Order

Stride Protoss 

Build Orders: 1 Gate Expand 

Get SALT Encoding   

  12  0:00  Probe  
  13  0:12  Probe  
  14  0:19  Pylon  
  14  0:24  Probe  
  15  0:37  Probe (Chrono Boost)  
  16  0:46  Gateway  
  16  0:48  Probe (Chrono Boost)  
  17  0:52  Assimilator  
  17  0:53  Probe (Chrono Boost)  
  18  1:04  Probe  
  19  1:22  Nexus  
  19  1:26  Probe  
  20  1:38  Cybernetics Core  
  20  1:44  Assimilator  
  20  1:54  Pylon  
  20  1:57  Probe  
  21  2:05  Adept  
  21  2:10  Probe  
  21  2:12  Warp Gate (Chrono Boost)  
  24  2:22  Probe  
  25  2:31  Stargate  
  25  2:34  Probe  
  26  2:41  Shield Battery, Probe  
  26  2:43  Stalker  
  29  2:50  Probe  
  30  3:03  Probe x2  
  32  3:15  Probe x2  
  32  3:17  Twilight Council  
  34  3:26  Void Ray (Chrono Boost)  
  38  3:27  Probe  
  38  3:28  Probe  
  40  3:39  Probe  
  40  3:40  Probe  
  42  3:49  Assimilator  
  42  3:52  Probe x2  
  42  3:54  Assimilator  
  42  3:55  Stalker  
  44  4:04  Probe x2  
  44  4:05  Pylon  
  46  4:10  Blink (Chrono Boost)  
  46  4:23  Probe x2  
  48  4:25  Pylon  
  48  4:31  Gateway  
  48  4:35  Probe x2  
  48  4:36  Gateway x2  
  50  4:46  Stalker  
  50  4:47  Probe x2  
  54  5:01  Probe x2  
  54  5:06  Nexus  
  56  5:08  Pylon  
  55  5:26  Forge  
  55  5:28  Gateway  
  55  5:29  Gateway  
  55  5:30  Gateway  
  55  5:32  Pylon  
  55  5:33  Shield Battery  
  55  5:35  Shield Battery, Stalker  
  57  5:43  Probe x2  
  57  5:49  Robotics Facility  
  59  5:55  Probe x2  
  59  5:56  Stalker x3  
  67  6:07  Probe x2  
  67  6:08  Pylon  
  69  6:12  Pylon  
  69  6:19  Stalker x3  
  69  6:22  Probe  
  69  6:23  Probe x2  
  78  6:28  Photon Cannon  
  74  6:34  Stalker x2  
  78  6:40  Probe x2  
  78  6:42  Protoss Ground Weapons Level 1 (Chrono Boost)  
  78  6:44  Robotics Facility  
  78  6:46  Templar Archives  
  80  6:50  Sentry  
  82  7:14  Stalker x4  
  82  7:15  Stalker x3  
  90  7:17  Probe x2  
  90  7:18  Probe  
  93  7:23  Photon Cannon  
  93  7:25  Immortal (Chrono Boost)  
  93  7:28  Immortal (Chrono Boost)  
  101  7:45  Psionic Storm, Probe x2  
  101  7:46  Probe  
  101  7:50  Immortal  
  104  7:52  Pylon  
  104  7:53  Pylon  
  104  7:54  Pylon  
  104  7:56  Pylon  
  108  8:06  Immortal  
  108  8:10  Assimilator  
  108  8:12  Assimilator  
  112  8:18  Charge (Chrono Boost)  
  112  8:22  Robotics Bay  
  112  8:27  Zealot x2  
  112  8:28  Zealot x5  
  126  8:44  Probe x2  
  126  8:45  Probe  
  126  8:47  Pylon  
  129  8:49  Pylon  
  129  8:50  Nexus  
  129  8:55  High Templar x2  
  133  9:09  Observer x2  
  135  9:10  Protoss Ground Weapons Level 2 (Chrono Boost)  
  135  9:20  Stalker  
  135  9:21  Stalker  
  139  9:27  Pylon  
  139  9:30  Pylon  
  137  9:36  Stalker  
  137  9:37  Stalker x2  
  143  9:51  Zealot x4  
  104  10:07  Zealot x3  
  83  10:17  Zealot x4  
  83  10:21  Immortal x2  
  79  10:28  Photon Cannon x2  
  72  10:30  Photon Cannon  
  72  10:32  Stalker x3  
  78  10:43  Photon Cannon x2, Stalker x2  
  78  10:44  Stalker x2  
  78  10:45  Photon Cannon  
  78  10:49  Photon Cannon  
  86  10:59  Zealot x3  
  90  11:07  Zealot x3  
  90  11:08  Zealot  
  69  11:20  Zealot x2  
  69  11:21  Zealot  
  71  11:28  Zealot x2  
  71  11:30  Colossus x2 (Chrono Boost)  
  69  11:33  Probe x3  
  69  11:34  Extended Thermal Lance (Chrono Boost)  
  80  11:51  High Templar  
  80  11:52  High Templar x4  
  80  11:54  Zealot  
  92  11:55  Cybernetics Core  
  92  12:05  Nexus, Archon  
  92  12:06  Archon  
  92  12:09  Colossus  
  92  12:13  Immortal  
  102  12:24  Observer  
  102  12:25  High Templar  
  102  12:27  Zealot x2  
  102  12:28  Zealot x3  
  113  12:35  Pylon  
  113  12:37  Archon, Pylon  
  113  12:49  Observer  
  113  12:55  Stalker x5  
  123  12:59  Immortal (Chrono Boost)  
  123  13:04  Immortal (Chrono Boost)  
  131  13:17  Shield Battery  
  131  13:18  Shield Battery  
  131  13:25  Zealot x2  
  131  13:26  Zealot x3  
  139  13:37  High Templar  
  141  13:46  High Templar  
  143  13:55  Photon Cannon, Probe x3  
  136  13:56  Photon Cannon  
  136  13:57  Probe  
  136  13:58  Photon Cannon  
  137  14:07  Probe x3, Archon  
  137  14:08  High Templar x2  
  137  14:09  Probe  
  145  14:17  High Templar  
  145  14:18  High Templar  
  145  14:24  Archon  
  147  14:36  Archon  
  147  14:47  Gateway x2  
  147  14:50  Zealot x2  
  147  14:51  Zealot x4  
  159  14:58  Colossus x2 (Chrono Boost)  
  141  15:32  Zealot x2  
  141  15:33  Zealot x4  
  139  16:02  Stalker  
  139  16:03  Stalker x4  
  139  16:04  Stalker x3  
  141  16:13  Photon Cannon  
  141  16:16  Photon Cannon  
  133  16:22  Assimilator  
  133  16:23  Assimilator  
  133  16:33  Stalker  
  133  16:34  Stalker x5  
  133  16:35  Stalker x2, Protoss Ground Weapons Level 3  
  142  17:07  Stalker  
  142  17:08  Stalker x4  
  148  17:14  Zealot x2  
  156  17:21  Pylon  
  152  17:23  Pylon  
  148  17:32  Stalker x4  
  148  17:33  Stalker  
  119  18:02  Stalker x2  
  119  18:03  Stalker  
  101  18:37  Zealot x3  
  101  18:38  Zealot x4  
  101  18:39  Probe x2  
  101  18:40  Probe x2  
  119  18:50  Pylon x2  
  119  18:51  Probe x2  
  119  18:52  Probe x2, Pylon  
  123  18:59  Pylon x2  
  123  19:00  Pylon  
  123  19:01  Photon Cannon  
  122  19:03  Probe  
  122  19:05  Probe  
  122  19:06  Probe x2  
  123  19:15  Probe  
  120  19:18  Probe  
  120  19:23  Stalker  
  120  19:24  Stalker x4  
  123  19:25  Stalker x2  
  133  19:35  Probe x2  
  133  19:36  Probe x2  
  129  19:44  Pylon  
  122  19:46  Photon Cannon  
  122  19:47  Photon Cannon, Probe  
  122  19:48  Probe x2  
  122  19:50  Probe  
  126  19:59  Probe  
  127  20:00  Probe x2  
  127  20:03  Photon Cannon  
  127  20:05  Shield Battery  
  129  20:10  Templar Archives  
  129  20:17  Zealot x4  
  129  20:18  Zealot x2  
  123  20:58  Stalker x3  
  123  20:59  Stalker x4  
  123  21:00  Stalker  
  139  21:15  Protoss Ground Armor Level 1 (Chrono Boost)  
  137  21:30  Nexus  
  137  21:34  Shield Battery  
  137  21:36  Shield Battery  
  137  21:37  Shield Battery  
  137  21:43  Observer x2  
  135  22:04  Immortal x2  
  143  22:14  Zealot x4  
  143  22:15  Zealot x4  
  151  22:40  Zealot x3  
  75  22:59  Observer  
  75  23:00  Observer  
  75  23:04  High Templar x2  
  75  23:05  High Templar x2  
  67  23:26  Zealot x2  
Tags
 
Add a new tag
Caveats
  • Supply blocks, unpowered buildings, or Contaminate may cause inaccurate times.
  • Supply counts are checked every 10 seconds.